 Dungeon Crawl Stone Soup version 0.24.0-2-g5b39cebb1c (webtiles) character file.

Game seed: 77797363206960098, levelgen mode: deterministic

1239 Mesmaeker13 the Stinger (level 8, -4/41 HPs)
             Began as an Octopode Venom Mage on Oct 31, 2019.
             Was an Initiate of Hepliaklqana.
             Killed from afar by an orc wizard (6 damage)
             ... with a puff of frost
             ... on level 5 of the Dungeon.
             The game lasted 00:15:41 (8052 turns).

Mesmaeker13 the Stinger (Octopode Venom Mage)       Turns: 8052, Time: 00:15:42

Health: -4/41      AC:  1    Str:  8    XL:     8   Next: 49%
Magic:  3/11       EV: 15    Int: 18    God:    Hepliaklqana [......]
Gold:   256        SH:  4    Dex: 13    Spells: 5/11 levels left

rFire    . . .     SeeInvis .   m - +0 short sword (freeze)
rCold    . . .     Gourm    .   w - +0 buckler
rNeg     . . .     Faith    .   (helmet restricted)
rPois    .         Spirit   .   (no amulet)
rElec    .         Reflect  .   (no ring)
rCorr    .         Harm     .   (no ring)
MR       .....                  (no ring)
Stlth    +++.......             (no ring)
HPRegen  0.13/turn              (no ring)
MPRegen  0.12/turn              (no ring)
                                (no ring)
                                (no ring)

@: no status effects
A: almost no armour, stealthy swim, amphibious, 8 rings, constrict 8, reduced
essence, camouflage 1, gelatinous body 1
a: Recall Ancestor, Ancestor Identity, Renounce Religion


You were on level 5 of the Dungeon.
You worshipped Hepliaklqana.
Hepliaklqana was noncommittal.
You were hungry.

You visited 2 branches of the dungeon, and saw 6 of its levels.

You collected 256 gold pieces.

Inventory:

Hand Weapons
 h - a +0 long sword
 m - a +0 short sword of freezing (weapon)
 p - a +0 scythe
Missiles
 g - 4 atropa-tipped darts (quivered)
 k - 2 throwing nets
Armour
 r - a +0 shield
 w - a +0 buckler (worn)
Jewellery
 v - an uncursed ring of ice
Wands
 f - a wand of paralysis (4)
Scrolls
 a - 3 scrolls of remove curse
 e - 5 scrolls of teleportation
 i - a scroll of immolation
 j - a scroll of fear
 q - a scroll of amnesia
 t - 2 scrolls of fog {unknown}
 u - a scroll of enchant weapon {unknown}
 y - a scroll of noise {unknown}
 A - a scroll of identify
 B - 2 scrolls of enchant armour {unknown}
Potions
 c - 3 potions of heal wounds
 d - a potion of haste
 l - a potion of invisibility {unknown}
 n - a potion of brilliance {unknown}
 o - a potion of mutation {unknown}
 s - a potion of curing
 z - a potion of lignification {unknown}
Comestibles
 b - 4 rations
 x - 2 chunks of flesh


   Skills:
 + Level 5.9 Dodging
 - Level 2.6 Stealth
 + Level 1.2 Shields
 - Level 2.0 Spellcasting
 + Level 3.7 Conjurations
 - Level 4.0 Air Magic
 + Level 7.7 Poison Magic


You had 5 spell levels left.
You knew the following spells:

 Your Spells              Type           Power        Failure   Level  Hunger
a - Sting                 Conj/Pois      ###.         2%          1    #......
b - Poisonous Vapours     Pois/Air       ###...       3%          2    ###....
c - Mephitic Cloud        Conj/Pois/Air  ###.....     10%         3    ###....

Your spell library contained the following spells:

 Spells                   Type           Power        Failure   Level  Hunger
 Olgreb's Toxic Radiance  Pois           ####....     11%         4    #####..
 Venom Bolt               Conj/Pois      ###.......   56%         5    ######.


Dungeon Overview and Level Annotations

Branches:
Dungeon (5/15)             Temple (1/1) D:4

Altars:
Ashenzari
Cheibriados
Dithmenos
Elyvilon
Gozag
Hepliaklqana
Kikubaaqudgha
Makhleb
Nemelex Xobeh
Okawaru
Qazlal
Ru
Trog
Uskayaw
Vehumet
Wu Jian
Xom
Yredelemnul
Zin
The Shining One


Innate Abilities, Weirdness & Mutations

You cannot wear most types of armour.
You are very stealthy in the water. (Stealth+)
You are amphibious.
You can wear up to eight rings at the same time.
You can use your tentacles to constrict eight enemies at once.
Your skin changes colour to match your surroundings (Stealth+).
Your rubbery body absorbs attacks. (AC +1, EV +1)
Your life essence is reduced to manifest your ancestor. (-10% HP)


Message History

Unknown command.
You hit the orc wizard. You freeze the orc wizard.
The orc wizard is severely wounded.
The orc wizard hits you with a +0 dagger.
Something hits you. The orc wizard closely misses you.
Unknown command.
You closely miss the orc wizard.
You squeeze the orc wizard, but do no damage.
The orc wizard is severely wounded.
You feel less confused.
You hear some strange, mumbled words.
A puff of flame appears from out of thin air!
The puff of flame hits you!
* * * LOW HITPOINT WARNING * * *
The orc wizard hits you with a +0 dagger.
* * * LOW HITPOINT WARNING * * *
You hear some strange, mumbled words.
A puff of frost appears from out of thin air!
The puff of frost hits you.
You die...

...# #.# ##.######## 8.8
#......... #.# ##..######.
##.## .......# 8.8
...###.#### ####.# # #..#
#.##8###8##.##8##8## #..#
#.'.......o$..[..... ...#
####8###8##@##8##8## #.##
########R# # ### #.#
##...##8.8# #.# #.#
##.....##.## ####.# #.##
##......##.# ##....#
...####.......#8.8##...###
......'.......##.##.....#
...####.......##.###...##
..## ##<.....#8.8 ##...#


You could see the friendly Appius the ancestor and an orc wizard (confused).

Vanquished Creatures
  Sigmund (D:2)
  2 ogres
  A scorpion (D:4)
  2 howler monkeys
  4 hounds
  A bullfrog zombie (D:5)
  3 orc priests
  2 orc wizards (D:4)
  2 bullfrog skeletons
  Jessica (D:2)
  2 worker ants (D:4)
  A hound skeleton (D:5)
  5 gnolls
  6 adders
  A shadow imp (D:5)
  3 oozes
  3 worms (D:2)
  A dart slug (D:3)
  4 leopard geckos
  12 orcs
  6 giant cockroaches
  6 goblins
  4 hobgoblins
  6 jackals
  11 kobolds
  4 quokkas
  5 ball pythons
  6 bats
  2 frilled lizards
  A leopard gecko skeleton (D:5)
  7 rats
115 creatures vanquished.

Vanquished Creatures (collateral kills)
  A gnoll sergeant (D:5)
  A centaur skeleton (D:4)
  An iguana (D:5)
  An adder (D:5)
  An adder skeleton (D:4)
  2 orcs (D:4)
  A jackal (D:5)
  A frilled lizard (D:5)
9 creatures vanquished.

Grand Total: 124 creatures vanquished

Notes
Turn   | Place    | Note
-------+----------+-------------------------------------------
     0 | D:1      | Mesmaeker13 the Octopode Venom Mage began the quest for the
                  | Orb.
     0 | D:1      | Reached XP level 1. HP: 11/11 MP: 3/3
   227 | D:1      | Reached XP level 2. HP: 17/17 MP: 1/5
   839 | D:2      | Reached skill level 4 in Poison Magic
   850 | D:2      | Learned a level 2 spell: Poisonous Vapours
  1265 | D:2      | Reached XP level 3. HP: 21/21 MP: 3/6
  1799 | D:2      | Noticed Sigmund
  1977 | D:1      | Reached XP level 4. HP: 27/27 MP: 3/7
  3031 | D:3      | Noticed Jessica
  3039 | D:2      | Killed Jessica
  3039 | D:2      | Reached skill level 1 in Air Magic
  3238 | D:3      | Reached XP level 5. HP: 31/31 MP: 5/8
  3575 | D:3      | Reached skill level 5 in Poison Magic
  4082 | D:3      | Learned a level 3 spell: Mephitic Cloud
  4455 | D:3      | Reached XP level 6. HP: 36/36 MP: 0/9
  4756 | D:2      | Killed Sigmund
  4818 | D:4      | Reached skill level 6 in Poison Magic
  4818 | D:4      | Reached XP level 7. HP: 41/41 MP: 3/10
  5449 | D:4      | Found a staircase to the Ecumenical Temple.
  5458 | Temple   | Entered the Ecumenical Temple
  5561 | Temple   | Became a worshipper of Hepliaklqana the Forgotten
  5818 | D:4      | Reached skill level 5 in Dodging
  5903 | D:4      | Found a stormy altar of Qazlal.
  6320 | D:4      | Reached skill level 7 in Poison Magic
  6435 | D:5      | Entered Level 5 of the Dungeon
  6478 | D:5      | Found a shimmering altar of Xom.
  6506 | D:5      | Reached XP level 8. HP: 41/41 MP: 11/11
  7583 | D:5      | Reached skill level 1 in Shields
  8052 | D:5      | HP: 2/41 [orc wizard/+0 dagger (2)]
  8052 | D:5      | Killed from afar by an orc wizard

Levels and vault maps discovered:
D:1:      onia_arrival_mini_spirals, layout_basic
D:2:      cheibrodos_helix_gallery, layout_loops_ring, uniq_sigmund
D:3:      layout_rooms, first_ration, fountainhead, cheibrodos_gnoll_hut,
          uniq_jessica
D:4:      layout_basic, minmay_temple_entry_grid, grunt_qazlal_clouds
D:5:      layout_loops_corners, basic_altar, dk_noncrumbling_2,
          kennysheep_generic_room_4
Temple:   regret_index_temple_sigil_plot

Skill      XL: |  1  2  3  4  5  6  7  8 |
---------------+-------------------------+-----
Poison Magic   | 4 5 6 7 |  7.7
Conjurations   | 2 3 |  3.7
Dodging        | 3 4 5 |  5.9
Air Magic      | 1 2 3 4 |  4.0
Shields        | 1 |  1.2
Stealth        | |  2.6
Spellcasting   | |  2.0

Action                   |  1- 3 |  4- 6 |  7- 9 || total
-------------------------+-------+-------+-------++-------
Melee: Dagger            |     9 |       |       ||     9
       Tentacles         |     8 |     7 |    15 ||    30
       Constrict         |     5 |    10 |    16 ||    31
       Long sword        |    11 |       |       ||    11
       Short sword       |       |    33 |    57 ||    90
 Cast: Sting             |    42 |    95 |    64 ||   201
       Poisonous Vapours |     7 |     9 |    16 ||    32
       Mephitic Cloud    |       |     1 |     3 ||     4
Evoke: Wand              |       |     2 |     2 ||     4
  Use: Scroll            |     1 |     6 |       ||     7
       Potion            |       |     1 |     1 ||     2
 Stab: Confused          |       |     2 |       ||     2
       Paralysed         |       |     3 |     2 ||     5
       Sleeping          |       |       |     2 ||     2
  Eat: Chunk             |     4 |     7 |    12 ||    23
       Ration            |       |     1 |       ||     1
Armor: Skin              |     4 |     4 |     7 ||    15
Dodge: Dodged            |    14 |    55 |    39 ||   108
Block: Buckler           |       |       |     2 ||     2
       Rpst.: Long sword |     6 |       |       ||     6
